 Dungeon Crawl Stone Soup version 0.29-a0-598-gd8304a5bf4 (webtiles) character file.

Game seed: 9390111161023875578

905 dolemite99 the Digger (level 8, -8/57 HPs)
             Began as a Gnoll Earth Elementalist on June 16, 2022.
             Was a Believer of Makhleb.
             Engulfed by a cloud of steam (18 damage)
             ... on level 6 of the Dungeon.
             The game lasted 00:07:06 (4882 turns).

dolemite99 the Digger (Gnoll Earth Elementalist)    Turns: 4882, Time: 00:07:07

Health: -8/57      AC:  2    Str:  9    XL:     8   Next: 8%
Magic:  13/16      EV: 14    Int: 16    God:    Makhleb [**....]
Gold:   289        SH:  0    Dex: 12    Spells: 8/18 levels left

rFire   . . .      SeeInvis .   a - staff of earth
rCold   . . .      Faith    .   (no shield)
rNeg    . . .      Spirit   .   s - +0 robe
rPois   .          Reflect  .   (no helmet)
rElec   .          Harm     .   (no cloak)
rCorr   .          Rampage  .   (no gloves)
Will    .....                   (no boots)
Stlth   +++.......              (no amulet)
HPRegen 0.19/turn               (no ring)
MPRegen 0.15/turn               (no ring)

@: no status effects
A: fangs 1, strong nose, distributed training
a: Renounce Religion, Minor Destruction


You were on level 6 of the Dungeon.
You worshipped Makhleb.
Makhleb was pleased with you.
You visited 1 branch of the dungeon, and saw 6 of its levels.

You collected 289 gold pieces.

Inventory:

Hand Weapons
 b - a +4 vampiric hand axe
 c - a +0 scimitar
 g - a +0 whip
 k - a +0 hunting sling
 m - a +0 short sword
Missiles
 q - 9 boomerangs
Armour
 i - a +0 chain mail of willpower
 s - a +0 robe (worn)
Magical Staves
 a - a staff of earth (weapon)
Jewellery
 f - a ring of fire
Scrolls
 e - a scroll of blinking
 j - a scroll of teleportation
 l - a scroll of poison {unknown}
 o - 2 scrolls of enchant armour
 p - a scroll of vulnerability {unknown}
 u - a scroll of amnesia
Potions
 r - a potion of flight {unknown}
 t - 2 potions of magic
 v - a potion of berserk rage {unknown}
 w - a potion of lignification {unknown}


   Skills:
 + Level 2.9 Fighting
 + Level 2.9 Short Blades
 + Level 2.9 Long Blades
 + Level 2.9 Axes
 + Level 2.9 Maces & Flails
 + Level 2.9 Polearms
 + Level 2.9 Staves
 + Level 2.9 Slings
 + Level 2.9 Bows
 + Level 2.9 Crossbows
 + Level 2.9 Throwing
 + Level 2.9 Armour
 + Level 5.5 Dodging
 + Level 5.1 Stealth
 + Level 2.9 Shields
 + Level 2.9 Unarmed Combat
 + Level 5.8 Spellcasting
 + Level 2.3 Conjurations
 + Level 2.3 Hexes
 + Level 2.3 Summonings
 + Level 2.3 Necromancy
 + Level 2.3 Translocations
 + Level 3.2 Transmutations
 + Level 2.3 Fire Magic
 + Level 2.3 Ice Magic
 + Level 2.3 Air Magic
 + Level 6.0 Earth Magic
 + Level 2.3 Poison Magic
 + Level 3.2 Invocations
 + Level 2.9 Evocations


You had 8 spell levels left.
You knew the following spells:

 Your Spells              Type           Power      Damage    Failure   Level
a - Sandblast             Erth           72%        2d16      1%          1
b - Stone Arrow           Conj/Erth      54%        3d10      8%          3
c - Passwall              Tmut/Erth      24%        N/A       3%          2
d - Petrify               Tmut/Erth      29%        N/A       21%         4

Your spell library contained the following spells:

 Spells                   Type           Power      Damage    Failure   Level
 Poisonous Vapours        Pois/Air       24%        N/A       8%          2
 Airstrike                Air            6%         N/A       45%         4
 Corpse Rot               Necr/Pois/Air  12%        N/A       45%         4
 Summon Lightning Spire   Summ/Air       12%        N/A       45%         4
 Lightning Bolt           Conj/Air       6%         1d18      82%         5


Dungeon Overview and Level Annotations

Branches:
Dungeon (6/15)             Temple (0/1) D:4

Altars:
Makhleb
Qazlal

Shops:
D:5 (


Innate Abilities, Weirdness & Mutations

You have very sharp teeth.
Your uncanny sense of smell can sniff out nearby items.
Your experience applies equally to all skills.


Message History

Aim: a steam dragon (82% to hit)
You feel a surge of power!
The blast of sand hits the steam dragon!
The steam dragon is heavily wounded.
The steam dragon breathes steam at you. The ball of steam misses you.
Casting: Sandblast (safe; 1% risk of failure)
Confirm with . or Enter, or press ? or * to list all spells.
Aiming: Sandblast (safe; 1% risk of failure)
Press: ? - help, Shift-Dir - straight line, f/p - steam dragon
Aim: a steam dragon (steam, heavily wounded, catching its breath, 82% to hit)
You feel a surge of power!
The blast of sand hits the steam dragon.
The steam dragon is heavily wounded.
You are engulfed in a cloud of scalding steam.
The steam dragon bites you! The steam dragon claws you.
The steam dragon bites you! The steam dragon barely misses you.
Casting: Sandblast (safe; 1% risk of failure)
Confirm with . or Enter, or press ? or * to list all spells.
Aiming: Sandblast (safe; 1% risk of failure)
Press: ? - help, Shift-Dir - straight line, f/p - steam dragon
Aim: a steam dragon (heavily wounded, 82% to hit)
You feel a surge of power!
The blast of sand hits the steam dragon!
The steam dragon is almost dead.
The steam dragon bites you. The steam dragon completely misses you.
The steam dragon breathes steam at you. The ball of steam hits you!!
* * * LOW HITPOINT WARNING * * *
Casting: Sandblast (safe; 1% risk of failure)
Confirm with . or Enter, or press ? or * to list all spells.
Aiming: Sandblast (safe; 1% risk of failure)
Press: ? - help, Shift-Dir - straight line, f/p - steam dragon
Aim: a steam dragon (severely wounded, catching its breath, 82% to hit)
You feel a surge of power!
The blast of sand hits the steam dragon!
You kill the steam dragon!
Makhleb accepts your kill.
You are engulfed in a cloud of scalding steam.
You die...

##########
#.........
##.>.###... #.
########..###
##..
#..##.§.§##..##
##..
#....@§..§..##
##...
#.....§....##
##..##
#######....#
##..## #....#
##..##
##...####.###
#.#..##..#
#.##....## ##
#.###..## #. #.
#.## #.#


There were no monsters in sight!

Vanquished Creatures
  A steam dragon (D:6)
  A sky beast (D:6)
  A phantom (D:5)
  A bullfrog (D:4)
  Blork the orc (D:4)
  2 scorpions
  3 hounds (D:4)
  3 orc priests
  A jelly (D:3)
  Jessica (D:3)
  3 gnolls (D:5)
  9 adders
  A worm (D:3)
  3 dart slugs
  8 orcs
  10 ball pythons
  3 bats (D:3)
  4 endoplasms
  3 giant cockroaches
  3 hobgoblins
  3 jackals (D:2)
  7 kobolds
  2 quokkas
  3 frilled lizards
  7 goblins
  4 rats
88 creatures vanquished.

Vanquished Creatures (collateral kills)
  An ogre (D:4)
  A jackal (D:4)
2 creatures vanquished.

Grand Total: 90 creatures vanquished

Notes
Turn   | Place    | Note
-------+----------+-------------------------------------------
     0 | D:1      | dolemite99 the Gnoll Earth Elementalist began the quest for
                  | the Orb.
     0 | D:1      | Reached XP level 1. HP: 13/13 MP: 6/6
   263 | D:1      | Reached XP level 2. HP: 15/20 MP: 4/7
   870 | D:2      | Reached skill level 5 in Spellcasting
   870 | D:2      | Reached XP level 3. HP: 25/25 MP: 5/9
  1271 | D:2      | Reached skill level 1 in Invocations
  1273 | D:2      | Found a stormy altar of Qazlal.
  1346 | D:2      | Reached skill level 1 in Fighting
  1346 | D:2      | Reached skill level 1 in Short Blades
  1346 | D:2      | Reached skill level 1 in Long Blades
  1346 | D:2      | Reached skill level 1 in Axes
  1346 | D:2      | Reached skill level 1 in Maces & Flails
  1346 | D:2      | Reached skill level 1 in Polearms
  1346 | D:2      | Reached skill level 1 in Staves
  1346 | D:2      | Reached skill level 1 in Slings
  1346 | D:2      | Reached skill level 1 in Bows
  1346 | D:2      | Reached skill level 1 in Crossbows
  1346 | D:2      | Reached skill level 1 in Throwing
  1346 | D:2      | Reached skill level 1 in Armour
  1346 | D:2      | Reached skill level 1 in Shields
  1346 | D:2      | Reached skill level 1 in Unarmed Combat
  1346 | D:2      | Reached skill level 1 in Evocations
  1398 | D:2      | Found a faded altar of an unknown god.
  1406 | D:2      | Reached XP level 4. HP: 32/32 MP: 9/11
  1409 | D:2      | Prayed at the altar of an unknown god.
  1409 | D:2      | Became a worshipper of Makhleb the Destroyer
  1409 | D:2      | Reached * piety under Makhleb
  1580 | D:2      | Learned a level 1 spell: Sandblast
  1584 | D:2      | Learned a level 3 spell: Stone Arrow
  1587 | D:2      | Learned a level 2 spell: Passwall
  1592 | D:2      | Learned a level 4 spell: Petrify
  1629 | D:3      | Reached skill level 1 in Conjurations
  1629 | D:3      | Reached skill level 1 in Hexes
  1629 | D:3      | Reached skill level 1 in Summonings
  1629 | D:3      | Reached skill level 1 in Necromancy
  1629 | D:3      | Reached skill level 1 in Translocations
  1629 | D:3      | Reached skill level 1 in Fire Magic
  1629 | D:3      | Reached skill level 1 in Ice Magic
  1629 | D:3      | Reached skill level 1 in Air Magic
  1629 | D:3      | Reached skill level 1 in Poison Magic
  1869 | D:3      | Reached XP level 5. HP: 37/37 MP: 9/12
  1881 | D:3      | Noticed Jessica
  1885 | D:3      | Killed Jessica
  2461 | D:4      | Reached XP level 6. HP: 44/44 MP: 10/13
  2523 | D:4      | Found a staircase to the Ecumenical Temple.
  2758 | D:4      | Reached skill level 5 in Dodging
  3114 | D:4      | Reached ** piety under Makhleb
  3119 | D:4      | Reached XP level 7. HP: 50/50 MP: 9/15
  3304 | D:4      | Noticed Blork the orc
  3314 | D:4      | Killed Blork the orc
  3837 | D:5      | Entered Level 5 of the Dungeon
  3906 | D:5      | Reached skill level 5 in Stealth
  4334 | D:5      | Found Diynkic's Antique Weapon Shop.
  4385 | D:5      | Noticed a vampire
  4805 | D:6      | Reached skill level 6 in Earth Magic
  4805 | D:6      | Reached XP level 8. HP: 52/57 MP: 12/16
  4882 | D:6      | Engulfed by a cloud of steam

Illustrated notes

Levels and vault maps discovered:
D:1:      nicolae_arrival_somewhat_less_tricky_arrival, layout_basic
D:2:      layout_rooms, shapermc_ecumenical_altar_notcrosses, basic_altar
D:3:      layout_basic, minmay_misc_feat_encased, st_stairs_1, uniq_jessica
D:4:      minmay_opposing_rooms, layout_basic, minmay_temple_entry_junction_2,
          uniq_blork_the_orc
D:5:      layout_gridville, serial_shops, nicolae_take_the_stairs, minivault_11
D:6:      cheibrodos_fzero, layout_layer_cave, chequers_serial_rivers_room_a

Skill      XL: |  1  2  3  4  5  6  7 |
---------------+----------------------+-----
Transmutations | 2 3 |  3.2
Spellcasting   | 5 |  5.8
Invocations    | 1 2 3 |  3.2
Fighting       | 1 2 |  2.9
Short Blades   | 1 2 |  2.9
Long Blades    | 1 2 |  2.9
Axes           | 1 2 |  2.9
Maces & Flails | 1 2 |  2.9
Polearms       | 1 2 |  2.9
Staves         | 1 2 |  2.9
Slings         | 1 2 |  2.9
Bows           | 1 2 |  2.9
Crossbows      | 1 2 |  2.9
Throwing       | 1 2 |  2.9
Armour         | 1 2 |  2.9
Shields        | 1 2 |  2.9
Unarmed Combat | 1 2 |  2.9
Evocations     | 1 2 |  2.9
Conjurations   | 1 2 |  2.3
Hexes          | 1 2 |  2.3
Summonings     | 1 2 |  2.3
Necromancy     | 1 2 |  2.3
Translocations | 1 2 |  2.3
Fire Magic     | 1 2 |  2.3
Ice Magic      | 1 2 |  2.3
Air Magic      | 1 2 |  2.3
Poison Magic   | 1 2 |  2.3
Dodging        | 5 |  5.5
Stealth        | 5 |  5.1
Earth Magic    | 6 |  6.0

Action                   |  1- 3 |  4- 6 |  7- 9 || total
-------------------------+-------+-------+-------++-------
Melee: Whip              |     1 |       |       ||     1
       Short sword       |       |     9 |       ||     9
       Punch             |       |     1 |       ||     1
       Bite              |       |     1 |       ||     1
 Cast: Sandblast         |    39 |    56 |    35 ||   130
       Stone Arrow       |       |       |     2 ||     2
Invok: Minor Destruction |       |       |    10 ||    10
  Use: Scroll            |       |     8 |     6 ||    14
       Potion            |       |     1 |     2 ||     3
Armor: Robe              |     4 |     7 |     3 ||    14
Dodge: Dodged            |    22 |    40 |    27 ||    89

Table legend: (Time is in decaauts)
 A = Elapsed time spent in this place.
 B = Non-inter-level travel time spent in this place.
 C = Inter-level travel time spent in this place.
 D = Time resting spent in this place.
 E = Time spent auto-exploring this place.
 F = Levels seen in this place.
 G = Mean time per level.
                   A        B        C        D        E       F      G
               +--------+--------+--------+--------+--------+-----+--------+
         Total |   4989 |   4899 |     90 |   1191 |   2791 |   6 |  831.5 |
       Dungeon |   4989 |   4899 |     90 |   1191 |   2791 |   6 |  831.5 |
               +--------+--------+--------+--------+--------+-----+--------+

Top non-repeatable levels by time:
     D:4: 1461 daAuts
     D:5: 889 daAuts
     D:1: 878 daAuts
     D:3: 811 daAuts
     D:2: 770 daAuts
     D:6: 177 daAuts
